 Dungeon Crawl Stone Soup version 0.17-a0-1373-g64d4c99 (webtiles) character file.

14242 Chiseanne the Nimble (level 11, -4/104 HPs)
             Began as a Deep Dwarf Hunter on June 13, 2015.
             Was an Initiate of Gozag.
             Slain by a white ugly thing (21 damage)
             ... on level 12 of the Dungeon.
             The game lasted 00:53:18 (10691 turns).

Chiseanne the Nimble (Deep Dwarf Hunter)           Turns: 10691, Time: 00:53:18

Health: -4/104     AC: 10    Str: 21    XL:     11   Next: 86%
Magic:  13/13      EV: 20    Int: 11    God:    Gozag
Gold:   981        SH: 13    Dex: 16    Spells: 0 memorised, 10 levels left

rFire  + . .     SeeInvis .     a - +2 trident (freeze)
rCold  . . .     Clarity  .     A - +1 leather armour "Rovvuo" {-Cast rElec rF+ rN+ Str+4}
rNeg   + . .     SustAt   .     y - +1 shield
rPois  .         Gourm    .     T - +0 helmet
rElec  +         Spirit   .     r - +1 cloak
rCorr  .         Warding  .     (no gloves)
rMut   .         Stasis   .     S - +1 pair of boots
MR     +....     NoCast   +     G - amulet of rage
Stlth  ++........               P - +3 ring of evasion
                                N - ring of stealth

@: very slightly contaminated, non-regenerating, drained, invisible (expiring),
somewhat resistant to hostile enchantments, unstealthy
A: damage resistance, recharge devices, sense surroundings 2, slow healing 3
a: Device Recharging, Potion Petition, Call Merchant, Bribe Branch, Renounce
Religion, Evoke Berserk Rage


You were on level 12 of the Dungeon.
You worshipped Gozag.
Gozag was noncommittal.
You were full.

You visited 2 branches of the dungeon, and saw 13 of its levels.

You collected 2641 gold pieces.
You spent 833 gold pieces at shops.
You paid 827 gold pieces to Gozag.

Inventory:

Hand weapons
 a - a +2 trident of freezing (weapon)
 e - a +4 hand crossbow of velocity
 s - a +1 scimitar of flaming
 w - a +0 blowgun
Missiles
 c - 24 bolts
 o - 40 poisoned needles
 H - 116 sling bullets
 K - 3 curare-tipped needles
 L - 5 poisoned tomahawks (quivered)
 R - 2 needles of sleeping
Armour
 r - a +1 cloak (worn)
 y - a +1 shield (worn)
 A - the +1 leather armour "Rovvuo" (worn) {-Cast rElec rF+ rN+ Str+4}
   (You took it off a kobold on level 8 of the Dungeon)

   It affects your strength (+4).
   It protects you from fire.
   It insulates you from electricity.
   It protects you from negative energy.
   It prevents spellcasting.
 S - a +1 pair of boots (worn)
 T - a +0 helmet (worn)
Jewellery
 G - an amulet of rage (around neck)
 N - a ring of stealth (left hand)
 P - a +3 ring of evasion (right hand)
Magical devices
 C - a wand of heal wounds (2)
 E - a wand of fireball (4)
Scrolls
 i - 2 scrolls of fear
 t - a scroll of magic mapping
 v - 4 scrolls of teleportation
 x - 4 scrolls of immolation
 B - 4 scrolls of identify
 D - a scroll of fog
 F - 3 scrolls of remove curse
Potions
 d - a potion of flight
 g - 2 potions of mutation
 h - 2 potions of cure mutation
 k - 5 potions of curing
 l - a potion of invisibility
 p - a potion of resistance
 u - a potion of cancellation
 z - 3 potions of magic
 U - a potion of brilliance
Books
 b - the Catalogue of Stones
   (You found it on level 12 of the Dungeon)

   Spells                             Type                      Level
   a - Passwall                       Transmutation/Earth          3
   b - Bolt of Magma                  Conjuration/Fire/Earth       5
   c - Shatter                        Earth                        9
 n - a book of Necromancy

   Spells                             Type                      Level
   a - Pain                           Necromancy                   1
   b - Animate Skeleton               Necromancy                   1
   c - Vampiric Draining              Necromancy                   3
   d - Regeneration                   Charms/Necromancy            3
   e - Animate Dead                   Necromancy                   4
   f - Control Undead                 Necromancy                   4
 q - a book of Changes

   Spells                             Type                      Level
   a - Beastly Appendage              Transmutation                1
   b - Sticks to Snakes               Transmutation                2
   c - Spider Form                    Transmutation/Poison         3
   d - Ice Form                       Ice/Transmutation            4
   e - Blade Hands                    Transmutation                5
 O - a Young Poisoner's Handbook

   Spells                             Type                      Level
   a - Sting                          Conjuration/Poison           1
   b - Cure Poison                    Poison                       2
   c - Mephitic Cloud                 Conjuration/Poison/Air       3
   d - Olgreb's Toxic Radiance        Poison                       4
   e - Venom Bolt                     Conjuration/Poison           5
Comestibles
 f - 7 bread rations
 j - 4 meat rations
 J - 4 slices of pizza


   Skills:
 * Level 8.4(7.5) Fighting
 + Level 9.7(8.8) Crossbows
 - Level 7.6(6.7) Armour
 - Level 10.4(9.5) Dodging
 - Level 1.2(0.4) Stealth
 - Level 10.1(9.1) Shields
 * Level 4.3(3.5) Evocations


You had 10 spell levels left.
You didn't know any spells.

Dungeon Overview and Level Annotations

Branches:
Dungeon (12/15)            Temple (1/1) D:4            Lair (0/8) D:10
    Orc (0/4) D:12

Altars:
Ashenzari
Elyvilon
Fedhas
Gozag
Kikubaaqudgha
Nemelex Xobeh
Okawaru
Ru
Sif Muna
Trog
Yredelemnul
Zin
The Shining One

Shops:
D:6 (   D:13 }

Annotations:
D:11 exclusions: oklob plant and oklob sapling
D:12 Rupert


Innate Abilities, Weirdness & Mutations

You are resistant to damage.
You can recharge devices by infusing magical energy.
You passively map the area around you.
You do not heal naturally.


Message History

The hill giant completely misses you.
The giant frog skeleton closely misses you.
The white ugly thing misses you.
You hit the hill giant but do no damage.
The hill giant is severely wounded.
You are no longer corroded.
The giant frog skeleton hits you. The white ugly thing punches you!
The white ugly thing freezes you!!
* * * LOW HITPOINT WARNING * * *
The giant frog skeleton closely misses you.
Evoke which item? (* to show all) (? for menu, Esc to quit)
Zapping:
C - a wand of heal wounds (3)
Press: ? - help, Shift-Dir - straight line, f - you, p - white ugly thing You feel much better.
This wand has 2 charges left.
You block the giant frog skeleton's attack.
The white ugly thing punches you!
* * * LOW HITPOINT WARNING * * *
The white ugly thing freezes you!!
You die...
Your body crumbles into a pile of gold.

#'#............. , , , ,
.................# *####
, .................# ...#
, , .................#
....#, ,
.................#
....#,,, ,,
#................#.....#,
, **
##...............#.....#
,
,##............Z.'.....#
,, *
#######.......@#.....# ,
, #........uC..... * ,
#...)....#.....≈ ≈≈ ,
#........#....≈P * * ,**
,,#.......##,..P≈≈** , *
#.......#,,..P.P* * ≈ ,
##......# .(≈≈ * ,
##.....#, ..PP , *
##....# *


You could see a white ugly thing, a hill giant (wandering) and a giant frog
skeleton.

Vanquished Creatures
  A hydra (D:8)
  Erica (D:9)
  The ghost of twigmaester the Fighter, an experienced DsBe of Trog (D:9)
  Sonja (D:11)
  4 hill giants
  3 ugly things
  A yaktaur (D:12)
  A fire drake (D:10)
  A troll (D:12)
  The ghost of tsouns the Sneak, an average OpWn of Gozag (D:4)
  2 deep elf magi
  A hungry ghost (D:12)
  5 yaks
  A steam dragon (D:11)
  A hippogriff (D:9)
  3 water moccasins
  A wasp (D:10)
  3 black bears
  5 orc warriors
  2 phantoms
  2 necrophages
  5 sky beasts
  7 ogres
  4 centaurs
  A crocodile (D:9)
  4 big kobolds
  9 giant frogs
  A scorpion (D:7)
  12 killer bees
  2 giant frog zombies
  A quasit (D:8)
  3 crimson imps (D:5)
  4 giant frog skeletons
  8 orc priests
  7 hounds
  A centaur skeleton (D:9)
  14 orc wizards
  2 iguanas
  7 worker ants
  2 sheep (D:8)
  A hound skeleton (D:5)
  15 adders
  A worker ant zombie (D:5)
  11 gnolls
  An ooze (D:2)
  An adder zombie (D:7)
  An adder skeleton (D:6)
  A worm (D:5)
  10 giant geckos
  43 orcs
  6 ball pythons
  18 bats
  A bat skeleton (D:4)
  13 goblins
  20 hobgoblins
  12 jackals
  3 quokkas
  8 giant cockroaches
  A giant gecko skeleton (D:9)
  14 giant newts
  A jackal skeleton (D:5)
  22 kobolds
  A quokka skeleton (D:6)
  A quokka zombie (D:8)
  14 rats
  A plant (D:11)
356 creatures vanquished.

Vanquished Creatures (others)
  A sky beast (D:10)
  A scorpion (D:5)
2 creatures vanquished.

Grand Total: 358 creatures vanquished

Notes
Turn   | Place    | Note
--------------------------------------------------------------
     0 | D:1      | Chiseanne the Deep Dwarf Hunter began the quest for the Orb.
     0 | D:1      | Reached XP level 1. HP: 19/19 MP: 1/1
   145 | D:1      | Reached XP level 2. HP: 24/26 MP: 2/2
   252 | D:1      | Reached skill level 5 in Crossbows
   670 | D:1      | Reached XP level 3. HP: 25/32 MP: 3/3
   885 | D:2      | Found a faded altar to an unknown god.
  1140 | D:2      | Reached XP level 4. HP: 39/39 MP: 4/4
  1640 | D:3      | Reached XP level 5. HP: 39/45 MP: 5/5
  1723 | D:3      | Reached skill level 6 in Crossbows
  1916 | D:3      | Found a sacrificial altar of Ru.
  2633 | D:4      | Noticed a sky beast
  2642 | D:4      | Killed a sky beast
  2642 | D:4      | Reached XP level 6. HP: 37/55 MP: 6/6
  2683 | D:4      | Reached skill level 7 in Crossbows
  2729 | D:4      | Noticed tsouns's ghost (average OpWn)
  2739 | D:4      | Killed tsouns's ghost
  2739 | D:4      | Reached skill level 8 in Crossbows
  2739 | D:4      | Reached XP level 7. HP: 29/61 MP: 7/7
  2867 | D:4      | Found a staircase to the Ecumenical Temple.
  2880 | Temple   | Entered the Ecumenical Temple
  2912 | Temple   | Became a worshipper of Gozag Ym Sagoz the Greedy
  3472 | D:5      | Entered Level 5 of the Dungeon
  3628 | D:5      | Reached skill level 1 in Armour
  3696 | D:5      | Reached skill level 1 in Shields
  3738 | D:5      | Found Ocelea's Magic Scroll Boutique.
  3754 | D:5      | Bought a scroll of brand weapon for 280 gold pieces
  3754 | D:5      | Bought a scroll of identify for 28 gold pieces
  3909 | D:5      | Found a sacrificial altar of Ru.
  3923 | D:5      | Reached XP level 8. HP: 57/70 MP: 8/8
  4587 | D:5      | Bought a scroll of enchant weapon for 105 gold pieces
  4587 | D:5      | Bought a scroll of identify for 28 gold pieces
  4587 | D:5      | Bought a scroll of identify for 28 gold pieces
  4587 | D:5      | Bought a scroll of identify for 28 gold pieces
  4654 | D:5      | Bought a scroll of magic mapping for 49 gold pieces
  4794 | D:6      | Found Xopp's Weapon Shop.
  5252 | D:6      | Reached skill level 5 in Armour
  5632 | D:6      | Reached skill level 5 in Shields
  5662 | D:6      | Found a blossoming altar of Fedhas.
  5704 | D:6      | Gained mutation: You passively map the area around you. [Deep Dwarf growth]
  5704 | D:6      | Reached XP level 9. HP: 58/80 MP: 9/9
  5907 | D:5      | Bought a scroll of enchant armour for 105 gold pieces
  5907 | D:5      | Bought 3 scrolls of identify for 84 gold pieces
  5907 | D:5      | Bought a scroll of immolation for 49 gold pieces
  5907 | D:5      | Bought a scroll of immolation for 49 gold pieces
  6019 | D:7      | Reached skill level 5 in Fighting
  6545 | D:8      | Found a sparkling altar of Nemelex Xobeh.
  6842 | D:8      | Reached XP level 10. HP: 83/92 MP: 10/10
  6864 | D:8      | Got a translucent leather armour
  6878 | D:8      | Noticed a two-headed hydra
  6894 | D:8      | Killed a two-headed hydra
  6933 | D:8      | Identified the +1 leather armour "Rovvuo" {-Cast rElec rF+ rN+ Str+4} (You took it off a kobold on level 8 of the Dungeon)
  7189 | D:9      | Reached skill level 9 in Shields
  7360 | D:9      | Noticed Erica
  7374 | D:9      | Killed Erica
  7374 | D:9      | Reached skill level 5 in Dodging
  7459 | D:9      | Noticed twigmaester's ghost (experienced DsBe)
  7477 | D:9      | Killed twigmaester's ghost
  7543 | D:9      | Found an iron altar of Okawaru.
  7776 | D:9      | Found an iron altar of Okawaru.
  7779 | D:9      | Found a deep blue altar of Sif Muna.
  7782 | D:9      | Found a glowing golden altar of the Shining One.
  8002 | D:9      | Reached skill level 10 in Shields
  8342 | D:10     | Entered Level 10 of the Dungeon
  8342 | D:10     | Noticed a hill giant
  8355 | D:9      | Killed a hill giant
  8355 | D:9      | Reached skill level 1 in Evocations
  8461 | D:10     | Reached XP level 11. HP: 80/100 MP: 11/11
  8545 | D:10     | Found a staircase to the Lair.
  8679 | D:10     | Noticed a hill giant
  8705 | D:10     | Killed a hill giant
  8897 | D:10     | Found a bloodstained altar of Trog.
  9098 | D:10     | Noticed a hill giant
  9116 | D:10     | Killed a hill giant
  9625 | D:11     | Noticed Sonja
  9656 | D:11     | Killed Sonja
  9885 | D:11     | Noticed a hill giant
  9905 | D:11     | Killed a hill giant
  9905 | D:11     | Reached skill level 10 in Dodging
 10417 | D:12     | Identified the Catalogue of Stones
 10538 | D:12     | Found a staircase to the Orcish Mines.
 10539 | D:12     | Noticed Rupert
 10540 | D:12     | Paralysed by Rupert for 6 turns
 10672 | D:12     | Noticed a hill giant
 10690 | D:12     | HP: 3/104 [white ugly thing (32)]
 10691 | D:12     | Slain by a white ugly thing

Vault maps used:
D:1:      onia_arrival_larder
D:2:      ecumenical_altar_1, serial_park_tiny_pond, nrook_uturn,
          minmay_lizard_king
D:3:      serial_co_window_serial, co_window_corner_a, co_window_paths_b,
          co_window_cross_1, co_window_corner_a, co_window_corner_a,
          co_window_of_opportunity_a, co_window_corner_a, co_window_paths_c,
          co_window_corner_b, co_window_corner_b, co_window_sun,
          co_window_paths_d, nicolae_ru_path_of_blood
D:4:      minmay_temple_entry_hall
D:5:      corexii_shack_village, overflow_temple_1_default, serial_shops, shop,
          first_bread, lemuel_flamethrower_2
D:6:      nicolae_overflow_hidden_temple, serial_shops, nicolae_shop_crystal,
          basic_altar, small_statue_intersection
D:8:      overflow_temple_1_default, hangedman_ranch
D:9:      grunt_temple_overflow_diamond, okawaru_ov_weapons_minmay, uniq_erica
D:10:     minmay_lair_entry_lava, basic_altar
D:11:     introduction_to_nature_2, uniq_sonja
D:12:     minmay_concentric_multi, orc_0_dummy, serial_bayou_pond_c,
          uniq_gastronok, uniq_rupert
Temple:   oiseaux_autumnal_temple_12

Action                   |  1- 3 |  4- 6 |  7- 9 | 10-12 || total
-------------------------+-------+-------+-------+-------++-------
Melee: Short sword       |    48 |       |       |       ||    48
       Whip              |    83 |    27 |       |       ||   110
       Trident           |       |       |   444 |   514 ||   958
       Hand crossbow     |       |       |     2 |       ||     2
       Scimitar          |       |       |       |     4 ||     4
 Fire: Hand crossbow     |    32 |    99 |   108 |   101 ||   340
       Blowgun           |       |       |    58 |    49 ||   107
Throw: Tomahawk          |       |       |    10 |    12 ||    22
Invok: Call Merchant     |       |       |       |     1 ||     1
 Abil: Device Recharging |       |       |       |     1 ||     1
Evoke: Wand              |     1 |     1 |    12 |    23 ||    37
  Use: Scroll            |     3 |    11 |    15 |    11 ||    40
       Potion            |       |       |     1 |    10 ||    11
 Stab: Sleeping          |     1 |     1 |       |    13 ||    15
       Distracted        |       |       |     5 |     2 ||     7
       Invisible         |       |       |       |     5 ||     5
  Eat: Chunk             |     1 |     5 |       |       ||     6
       Fruit             |       |       |     2 |    15 ||    17
       Bread ration      |       |       |     2 |       ||     2
       Royal jelly       |       |       |     1 |     2 ||     3
       Beef jerky        |       |       |     1 |     2 ||     3
       Pizza             |       |       |       |     4 ||     4
